AoeStats
← Perro Solar

Arabia

504111009Analyzed
1v1 RM · 27d ago on Sep 3, 2026· 50m 50s· 2 players
Game mode
Random Map
Map size
Tiny (2 player)
Population
200
Speed
Normal
Resources
Standard
Victory
Conquest
Starting age
Dark Age
Ending age
Imperial Age
RankedLock teamsTeams togetherTeam positionsShared explorationLock speedFull tech treeHidden civsTurbo modeCheats
Victory
Defeat
🇦🇹 Japanese · Austria
1232
+15
🇦🇷 Franks · Argentina
1204
-15
Perro Solar
6:47 Loom
9:20 Feudal Age
9:59 Double-Bit Axe
20:29 Castle Age
18:37 Padded Archer Armor
19:58 Scale Barding Armor
21:07 Forging
21:38 Chain Barding Armor
23:55 Gold Mining
27:35 Scale Mail Armor
28:11 Iron Casting
28:37 Stone Mining
34:43 Chain Barding Armor
35:49 Chain Mail Armor
39:25 Gold Shaft Mining
41:46 Imperial Age
40:16 Fletching
42:12 Bow Saw
42:43 Wheelbarrow
42:52 #83
43:18 Town Watch
43:48 Hand Cart
44:57 Blast Furnace
46:32 Plate Mail Armor
46:29 Heavy Scorpion
Gravian
5:47 Loom
9:29 Feudal Age
10:46 Man-at-Arms
11:43 Double-Bit Axe
16:13 Wheelbarrow
17:11 Arson
22:36 Castle Age
21:41 Scale Mail Armor
21:52 Forging
23:00 Pikeman
23:41 Squires
24:29 Bow Saw
24:27 Gambesons
25:34 Horse Collar
27:48 Heavy Plow
27:40 Gold Mining
28:12 Stone Mining
28:51 Long Swordsman
33:55 Gold Shaft Mining
37:10 Imperial Age
34:27 Town Watch
36:20 Hand Cart
36:51 Chain Mail Armor
39:02 Plate Mail Armor
39:07 Iron Casting
38:10 Halberdier
39:32 Two-Handed Swordsman
42:22 Ballistics
42:56 Fletching
43:07 Padded Archer Armor
44:43 Chemistry
44:19 Thumb Ring
45:03 Parthian Tactics
44:35 Bodkin Arrow
44:55 Leather Archer Armor
47:59 Two-Man Saw
50:29 Kataparuto
50:31 Yasama
Connection lost

Rejoining the realm…

Still unreachable

The connection could not be restored.

Session expired

The server has moved on; the page needs a fresh start.